 Dungeon Crawl Stone Soup version 0.30-a0-570-g486de37d69 (webtiles) character file.

Game seed: 15806848346491685694

73 tilp the Shield-Bearer (level 4, -1/40 HPs)
             Began as a Meteoran Fighter on Dec 29, 2022.
             Constricted to death by Natasha (5 damage)
             ... on level 4 of the Dungeon.
             The game lasted 00:01:27 (298 turns).

tilp the Shield-Bearer (Meteoran Fighter)            Turns: 298, Time: 00:01:28

Health: -1/40      AC:  7    Str: 18    XL:     4   Next: 81%
Magic:  5/5        EV:  7    Int:  9    God:
Gold:   32         SH:  5    Dex: 15    Spells: 3/3 levels left

rFire   . . .      SeeInvis .    a - +0 long sword
rCold   . . .      Faith    .    c - +0 buckler
rNeg    . . .      Spirit   .    k - +0 scale mail
rPois   .          Reflect  .    (no helmet)
rElec   .          Harm     .    (no cloak)
rCorr   .          Rampage  .    (no gloves)
Will    .....                    (no boots) Stlth
                                 (no amulet)
HPRegen 0.26/turn                (no ring)
MPRegen 0.09/turn                (no ring)

@: grasped by roots, glowing, constricted
A: sense surroundings 1, otherworldly, glowing, explore regen
a: no special abilities


You were on level 4 of the Dungeon.
You visited 1 branch of the dungeon, and saw 5 of its levels.

You collected 32 gold pieces.

Inventory:

Hand Weapons
 a - a +0 long sword (weapon)
 b - a +0 rapier
Missiles
 e - 11 stones (quivered)
Armour
 c - a +0 buckler (worn)
 k - a +0 scale mail (worn)
Wands
 j - a wand of digging (4)
Scrolls
 g - a scroll of poison {unknown}
 i - a scroll of teleportation {unknown}
 m - a scroll of amnesia {unknown}
Potions
 d - a potion of might
 f - 3 potions of brilliance {unknown}
 h - a potion of haste {unknown}
 l - a potion of cancellation {unknown}


   Skills:
 + Level 3.6 Fighting
 + Level 3.0 Long Blades
 - Level 4.0 Armour
 * Level 2.3 Dodging
 + Level 1.0 Stealth
 - Level 4.0 Shields


You had 3 spell levels left.
You didn't know any spells.
Your spell library was empty.

Dungeon Overview and Level Annotations

Branches:
Dungeon (5/15) Zot: 2686
 Temple: D:4-7

Altars:

Annotations:
D:4 Natasha


Innate Abilities, Weirdness & Mutations

You passively map a small area around you.
You are easily found by Zot.
You glow in the dark.
You regain HP and MP as you explore.


Message History

You hear a shout!
You barely miss something. Something hits you.
You barely miss something. Something hits you but does no damage.
Natasha, Servant of Life and Death comes into view.
She is carrying a wand of roots (2).
You barely miss something. Something hits you but does no damage.
Natasha zaps a wand.
The roots erupt in riotous growth!
The grasping roots grab you!
The orc is unaffected.
Natasha is unaffected.
The grasping roots constrict you. Something hits you.
You hit something but do no damage.
Natasha drinks a potion.
Natasha seems to grow stronger.
The grasping roots constrict you. Something hits you but does no damage.
You miss something.
Natasha mumbles some strange words.
The grasping roots constrict you.
* * * LOW HITPOINT WARNING * * *
Something hits you.
* * * LOW HITPOINT WARNING * * *
The grasping roots constrict you.
* * * LOW HITPOINT WARNING * * *
Unknown command.
Unknown command.
You miss something. Something hits you but does no damage.
The grasping roots constrict you.
* * * LOW HITPOINT WARNING * * *
You hear some strange, mumbled words.
A magic dart appears from out of thin air!
The magic dart hits you.
* * * LOW HITPOINT WARNING * * *
The grasping roots release their grip on you.
Unknown command.
Something hits you but does no damage.
Natasha hisses.
There is a stone staircase leading down here.
Unknown command.
Natasha zaps a wand.
The roots erupt in riotous growth!
The grasping roots grab you!
Natasha is unaffected.
The now-empty wand crumbles to dust.
The grasping roots constrict you.
You die...

######## ** #...... , ,
#.....# , , , , #.##..# *
*, * ##.##.># ### ,*
##...#..#*#.#
##.......##.#.# ,# **
##.....#..#.# #.###o# ,
#..†.......## ##@{h# ,
...†......#.###.###5.>...
#.†.......##.#.## *,5..##
##........###.#######.##
##.....#............ #
#..#......#.#.##### *
#.##.##.#.#.#.# *
#.##.##.#.#.# # * .. ,
#.#.#


You could see Natasha (strong), a crimson imp (summoned) and an orc.

Vanquished Creatures
  Natasha (D:4)
  An orc wizard (D:4)
  An adder (D:4)
  A dart slug (D:1)
  An orc (D:5)
  2 endoplasms
  A giant cockroach (D:1)
  2 hobgoblins (D:4)
  A ball python (D:4)
  2 kobolds
  A rat (D:1)
14 creatures vanquished.

Notes
Turn   | Place    | Note
-------+----------+-------------------------------------------
     0 | D:1      | tilp the Meteoran Fighter began the quest for the Orb.
     0 | D:1      | Reached XP level 1. HP: 19/19 MP: 2/2
    25 | D:1      | Reached XP level 2. HP: 15/26 MP: 3/3
   173 | D:4      | Reached skill level 1 in Dodging
   173 | D:4      | Reached XP level 3. HP: 27/31 MP: 4/4
   227 | D:5      | Entered Level 5 of the Dungeon
   278 | D:4      | Noticed Natasha
   283 | D:4      | Reached XP level 4. HP: 38/38 MP: 5/5
   285 | D:4      | Killed Natasha
   286 | D:4      | Reached skill level 1 in Stealth
   292 | D:4      | Noticed Natasha
   298 | D:4      | Constricted to death by Natasha

Illustrated notes

Levels and vault maps discovered:
D:1:      dpeg_arrival_windows_large_door, layout_rooms,
          ebering_ecumenical_altar_petrified, item_on_display_a
D:2:      wander_river, layout_basic
D:3:      layout_basic, worldfamousw_hep_ancestral_shrine,
          uniq_crazy_yiuf_cottage
D:4:      layout_loops_ring, uniq_blork_the_orc, uniq_natasha
D:5:      layout_cave_pods, nicolae_overflow_crystal_walls, xom_butterflies,
          uniq_grinder

Skill      XL: |  1  2  3  4 |
---------------+-------------+-----
Dodging        | 1 2 |  2.3
Shields        | 4 |  4.0
Long Blades    | 3 |  3.0
Armour         | 4 |  4.0
Stealth        | 1 |  1.0
Fighting       | |  3.6

Action                   |  1- 3 |  4- 6 || total
-------------------------+-------+-------++-------
Melee: Long sword        |    37 |    13 ||    50
Armor: Scale mail        |    15 |    11 ||    26
Dodge: Dodged            |     7 |     2 ||     9
Block: Buckler           |    12 |       ||    12

Table legend: (Time is in decaauts)
 A = Elapsed time spent in this place.
 B = Non-inter-level travel time spent in this place.
 C = Inter-level travel time spent in this place.
 D = Time resting spent in this place.
 E = Time spent auto-exploring this place.
 F = Levels seen in this place.
 G = Mean time per level.
                   A        B        C        D        E       F      G
               +--------+--------+--------+--------+--------+-----+--------+
         Total |    312 |    302 |     10 |      0 |      0 |   5 |   62.4 |
       Dungeon |    312 |    302 |     10 |      0 |      0 |   5 |   62.4 |
               +--------+--------+--------+--------+--------+-----+--------+

Top non-repeatable levels by time:
     D:4: 135 daAuts
     D:1: 71 daAuts
     D:3: 44 daAuts
     D:2: 30 daAuts
     D:5: 30 daAuts
